 Dungeon Crawl Stone Soup version 0.31-a0-18-gea43df2a32 (webtiles) character file.

Game seed: 6589502770665489982

77 dracfodder the Digger (level 4, -1/24 HPs)
             Began as a Gargoyle Earth Elementalist on May 10, 2023.
             Slain by an orc
             ... wielding a +0 mace
              (3 damage)
             ... on level 3 of the Dungeon.
             The game lasted 00:08:28 (2417 turns).

dracfodder the Digger (Gargoyle Earth Elementalist) Turns: 2417, Time: 00:08:29

Health: -1/24      AC:  7    Str: 12    XL:     4   Next: 33%
Magic:  6/8        EV: 12    Int: 17    God:
Gold:   84         SH:  0    Dex: 10    Spells: 4/8 levels left

rFire   . . .        f - +0 short sword
rCold   . . .        (no shield)
rNeg    + . .        a - +2 robe
rPois   ∞            (no helmet)
rElec   +            (no cloak)
rCorr   .            (no gloves)
SInv    .            (no boots)
Will    .....        (no amulet)
Stlth   ++           (no ring)
HPRegen 0.24/turn    (no ring)
MPRegen 0.11/turn

%: no passive effects
@: no status effects
A: sickness immunity, AC +3, negative energy resistance 1, electricity
resistance, torment resistance 1, petrification resistance
a: no special abilities


You were on level 3 of the Dungeon.
You visited 1 branch of the dungeon, and saw 3 of its levels.

You collected 84 gold pieces.

Inventory:

Hand Weapons
 f - a +0 short sword (weapon)
Armour
 a - a +2 robe (worn)
Jewellery
 i - an amulet of guardian spirit
Scrolls
 c - a scroll of magic mapping
 d - a scroll of fear {unknown}
 h - 2 scrolls of teleportation
Potions
 b - a potion of magic
 e - a potion of curing
 g - a potion of ambrosia {unknown}
 j - a potion of lignification {unknown}


   Skills:
 + Level 0.2 Fighting
 + Level 0.1 Short Blades
 + Level 1.8 Dodging
 + Level 2.5 Stealth
 + Level 2.8 Spellcasting
 * Level 1.0 Conjurations
 + Level 0.7 Transmutations
 + Level 4.7 Earth Magic


You had 4 spell levels left.
You knew the following spells:

 Your Spells              Type           Power      Damage    Failure   Level
a - Sandblast             Erth           36%        2d10      2%          1
b - Stone Arrow           Conj/Erth      24%        3d8       16%         3

Your spell library contained the following spells:

 Spells                   Type           Power      Damage    Failure   Level
 Passwall                 Tmut/Erth      9%         N/A       9%          2
 Ensorcelled Hibernation  Hex/Ice        4%         N/A       26%         2
 Dazzling Flash           Conj/Hex       8%         N/A       41%         3
 Spider Form              Tmut/Pois      3%         N/A       43%         3
 Portal Projectile        Hex/Tloc       4%         N/A       47%         3
 Tukima's Dance           Hex            2%         N/A       47%         3
 Volatile Blastmotes      Fire/Tloc      4%         2d10      47%         3
 Petrify                  Tmut/Erth      11%        N/A       50%         4
 Iskenderun's Mystic Bla  Conj/Tloc      4%         2d3       82%         4
 Anguish                  Hex/Necr       1%         N/A       87%         4
 Passage of Golubria      Tloc           2%         N/A       87%         4
 Blade Hands              Tmut           2%         N/A       98%         5
 Yara's Violent Unravell  Hex/Tmut       1%         3d3       99%         5
 Starburst                Conj/Fire      2%         6d3       100%        6


Dungeon Overview and Level Annotations

Branches:
Dungeon (3/15)

Altars:


Innate Abilities, Weirdness & Mutations

You are immune to sickness and miasma.
Your stone body is resilient. (AC +3)
You are immune to poison.
You resist negative energy. (rN+)
You are resistant to electric shocks. (rElec)
You are resistant to unholy torment.
You are immune to petrification.


Message History

The bat is heavily wounded.
The bat hits you but does no damage.
You hit the orc.
The orc is severely wounded.
The orc hits you with a +0 short sword.
You hit the orc.
You kill the orc!
The bat hits you. The bat hits you but does no damage.
You hit the bat.
You kill the bat!
You completely miss the frilled lizard. The frilled lizard barely misses you.
You barely miss the frilled lizard. The frilled lizard bites you.
You barely miss the frilled lizard. The frilled lizard closely misses you.
You barely miss the frilled lizard.
The frilled lizard bites you but does no damage.
You hit the frilled lizard.
You kill the frilled lizard!
You closely miss the orc. The orc hits you but does no damage.
You barely miss the orc. The orc hits you with a +0 mace.
You barely miss the orc. The orc hits you with a +0 mace.
You barely miss the orc. The orc hits you with a +0 mace.
You barely miss the orc. The orc hits you with a +0 mace.
* * * LOW HITPOINT WARNING * * *
You barely miss the orc. The orc hits you but does no damage.
Aiming: Sandblast (safe; 2% risk of failure)
Press: ? - help, Q - select action Shift-Dir - straight line, f/p - orc
Aim: an orc, wielding a +0 mace and wearing a +0 ring mail (84% to hit)
The blast of sand hits the orc.
The orc is moderately wounded.
The orc hits you with a +0 mace.
* * * LOW HITPOINT WARNING * * *
Aiming: Sandblast (safe; 2% risk of failure)
Press: ? - help, Q - select action Shift-Dir - straight line, f/p - orc
Aim: an orc, wielding a +0 mace and wearing a +0 ring mail (moderately wounded, 84% to hit)
The blast of sand hits the orc.
The orc is severely wounded.
The orc hits you with a +0 mace.
* * * LOW HITPOINT WARNING * * *
The orc hits you with a +0 mace.
You die...

## .. .# .+ #
.#.#.#
####.....#
#oo@.#
#####.##.#
#......#.#
#...o..#.#
#...<..#.#
##.oo.l..#
.........##
#...........
#..........##


You could see 2 orcs.

Vanquished Creatures
  3 adders (D:2)
  2 dart slugs
  An orc (D:3)
  2 endoplasms (D:1)
  A giant cockroach (D:1)
  4 hobgoblins (D:2)
  7 jackals
  A quokka (D:1)
  6 ball pythons
  6 bats
  5 frilled lizards
  A goblin (D:1)
  6 kobolds
  A rat (D:2)
46 creatures vanquished.

Notes
Turn   | Place    | Note
-------+----------+-------------------------------------------
     0 | D:1      | dracfodder the Gargoyle Earth Elementalist began the quest
                  | for the Orb.
     0 | D:1      | Reached XP level 1. HP: 10/10 MP: 3/3
   195 | D:1      | Reached skill level 4 in Earth Magic
   232 | D:1      | Reached XP level 2. HP: 15/15 MP: 3/5
   628 | D:1      | Found a faded altar of an unknown god.
   800 | D:1      | Reached XP level 3. HP: 19/19 MP: 2/6
   804 | D:1      | Learned a level 3 spell: Stone Arrow
  1555 | D:2      | Reached XP level 4. HP: 24/24 MP: 6/8
  1632 | D:2      | Reached skill level 1 in Conjurations
  2417 | D:3      | Slain by an orc

Illustrated notes

Levels and vault maps discovered:
D:1:      dpeg_arrival_lava_temple_mockup, layout_loops_ring,
          shapermc_ecumenical_altar_ellora
D:2:      layout_basic, minmay_misc_feat_x
D:3:      kennysheep_six_static_rooms, layout_basic, serial_shops, shop,
          minmay_misc_feat_five

Skill      XL: |  1  2  3  4 |
---------------+-------------+-----
Earth Magic    | 4 |  4.7
Conjurations   | 1 |  1.0
Fighting       | |  0.2
Short Blades   | |  0.1
Dodging        | |  1.8
Stealth        | |  2.5
Spellcasting   | |  2.8
Transmutations | |  0.7

Action                     |  1- 3 |  4- 6 || total
---------------------------+-------+-------++-------
  Melee: Short sword       |    23 |    16 ||    39
   Cast: Sandblast         |    57 |     6 ||    63
         Stone Arrow       |       |     4 ||     4
    Use: Scroll            |     6 |     2 ||     8
 Armour: Robe              |    23 |     8 ||    31
  Dodge: Dodged            |    24 |     4 ||    28

Table legend: (Time is in decaauts)
 A = Elapsed time spent in this place.
 B = Non-inter-level travel time spent in this place.
 C = Inter-level travel time spent in this place.
 D = Time resting spent in this place.
 E = Time spent auto-exploring this place.
 F = Levels seen in this place.
 G = Mean time per level.
                   A        B        C        D        E       F      G
               +--------+--------+--------+--------+--------+-----+--------+
         Total |   2447 |   2395 |     52 |    242 |   1866 |   3 |  815.7 |
       Dungeon |   2447 |   2395 |     52 |    242 |   1866 |   3 |  815.7 |
               +--------+--------+--------+--------+--------+-----+--------+

Top non-repeatable levels by time:
     D:2: 1365 daAuts
     D:1: 1058 daAuts
     D:3: 23 daAuts
